 Dungeon Crawl Stone Soup version 0.14-a0-1844-g8283a67 (webtiles) character file.

186 Piginabag the Magician (level 4, -9/27 HPs)
             Began as an Octopode Wizard on Jan 12, 2014.
             Killed by divine providence
             ... invoked by an orc priest
              (13 damage)
             ... on Level 3 of the Dungeon.
             The game lasted 00:06:53 (2489 turns).

Piginabag the Magician (Octopode Wizard)            Turns: 2489, Time: 00:06:54

HP  -9/27        AC  1     Str  6      XL: 4   Next: 78%
MP   2/11        EV 12     Int 26      God:
Gold 84          SH  0     Dex 10      Spells:  2 memorised,  7 levels left

rFire  . . .     SeeInvis .     (no weapon)
rCold  . . .     Clarity  .     (no shield)
rNeg   . . .     Conserve .     b - +0 wizard hat
rPois  +         rCorr    .     (no amulet)
rElec  .         rRot     .     m - cursed ring of protection from magic
SustAb . .       Spirit   .     i - ring of poison resistance
rMut   .         Warding  .     (no ring)
Saprov . . .     Stasis   .     (no ring)
                                (no ring)
                                (no ring)
                                (no ring)
                                (no ring)

@: brilliant, somewhat resistant to hostile enchantments, quite stealthy
A: almost no armour, amphibious, 8 rings, constrict 8, camouflage 1, slow
healing 1, gelatinous body 1
a: no special abilities


You were on level 3 of the Dungeon.
You were not hungry.

You visited 1 branch of the dungeon, and saw 3 of its levels.

You collected 84 gold pieces.

Inventory:

Missiles
 a - 7 curare-tipped needles
Armour
 b - a +0 wizard hat (worn)
Magical devices
 n - a wand of random effects (9) {unknown}
Comestibles
 d - a bread ration
 f - 11 sultanas
 g - a pear
Scrolls
 e - a scroll of curse armour {unknown}
Jewellery
 i - a ring of poison resistance (right tentacle)
 m - a cursed ring of protection from magic (left tentacle)
Potions
 k - a potion of restore abilities
Books
 c - a book of Minor Magic

   Spells                             Type                      Level
   *Magic Dart                        Conjuration                  1
   Blink                              Translocation                2
   Call Imp                           Summoning                    2
   Repel Missiles                     Charms/Air                   2
   Slow                               Hexes                        2
   Conjure Flame                      Conjuration/Fire             3
   *Mephitic Cloud                    Conjuration/Poison/Air       3


   Skills:
 - Level 2.2 Dodging
 - Level 3.3 Stealth
 - Level 0.2 Unarmed Combat
 + Level 4.2 Spellcasting
 + Level 2.2 Conjurations
   Level 1.0 Summonings
   Level 1.0 Translocations
 + Level 0.4 Air Magic


You had 7 spell levels left.
You knew the following spells:

 Your Spells              Type           Power        Failure   Level  Hunger
a - Magic Dart            Conj           ####         1%          1    None
b - Mephitic Cloud        Conj/Pois/Air  ####....     2%          3    ##.....


Dungeon Overview and Level Annotations

Branches:
Dungeon (3/16)

Altars:


Innate Abilities, Weirdness & Mutations

You cannot wear most types of armour.
You are amphibious.
You can wear up to eight rings at the same time.
You can use your tentacles to constrict many enemies at once.
Your skin changes colour to match your surroundings (Stlth).
Your rubbery body absorbs attacks (AC +1).
You heal slowly when monsters are visible.


Message History

The orc hits you with an orcish flail!
* * * LOW HITPOINT WARNING * * *
You are too injured to fight recklessly!
Casting: Magic Dart
Confirm with . or Enter, or press ? or * to list all spells.
Aiming: Magic Dart
Press: ? - help, Shift-Dir - straight line, f/p - orc
Aim: an orc, wielding an orcish flail and wearing an orcish ring mail (severely wounded)
The magic dart hits the orc.
The orc is severely wounded.
The orc hits you with an orcish flail.
* * * LOW HITPOINT WARNING * * *
Drink which item? (? for menu, Esc to quit)
You feel clever all of a sudden.
It was a potion of brilliance.
The orc closely misses you.
The orc priest prays to Beogh.
You feel troubled.
The orc priest calls down the wrath of Beogh upon you.
Something smites you!
You die...

###############
.....)...)..))#
.############.#
.# #.# ##
#.############ .
#...@o.......###
.
##########.o...#
# ###.....###
#.........#
#.#.....#.#
#.#.....#.# #
###.###.# #.#
#.# ..# #o#


You could see an orc priest and an orc.

Vanquished Creatures
  An orc priest (D:3)
  Terence (D:3)
  An adder (D:2)
  5 orcs (D:3)
  2 giant cockroaches (D:1)
  11 hobgoblins
  2 bats (D:2)
  4 giant newts
  8 goblins
  8 kobolds
  6 rats (D:1)
49 creatures vanquished.

Notes
Turn   | Place    | Note
--------------------------------------------------------------
     0 | D:1      | Piginabag, the Octopode Wizard, began the quest for the Orb.
     0 | D:1      | Reached XP level 1. HP: 11/11 MP: 4/4
   344 | D:1      | Reached XP level 2. HP: 17/17 MP: 1/6
  1331 | D:2      | Reached XP level 3. HP: 21/21 MP: 4/8
  1369 | D:2      | HP: 1/21 [hobgoblin/club (3)]
  1370 | D:2      | Gained mutation: You heal slowly when monsters are visible. [potion of mutation]
  1370 | D:2      | Gained mutation: You have a fast metabolism. [potion of mutation]
  1370 | D:2      | Lost mutation: You have a fast metabolism. [potion of mutation]
  1670 | D:2      | Learned a level 3 spell: Mephitic Cloud
  2059 | D:3      | Noticed Terence
  2083 | D:3      | Killed Terence
  2083 | D:3      | Reached XP level 4. HP: 21/27 MP: 0/10
  2206 | D:3      | Reached skill level 4 in Spellcasting
  2489 | D:3      | Killed from afar by an orc priest

Action                   |  1- 3 |  4- 6 || total
-------------------------+-------+-------++-------
Melee: Unarmed           |    49 |       ||    49
 Cast: Magic Dart        |    79 |    27 ||   106
       Mephitic Cloud    |     1 |     2 ||     3
  Use: Scroll            |     8 |       ||     8
       Potion            |     4 |     1 ||     5
 Stab: Confused          |     1 |       ||     1
